[Event "Srdja Dragasevic Memorial-A 2024"]
[Site "Cetinje"]
[Date "2024.06.23"]
[Round "1.17"]
[White "Koljevic, Nikolina"]
[Black "Skvortsov, Andrei"]
[Result "0-1"]
[ECO "B12"]
[WhiteElo "2010"]
[BlackElo "2331"]
[Annotator "RC"]
[PlyCount "30"]
[EventDate "2024.06.23"]
[EventType "swiss"]
[EventCountry "MNE"]
[SourceTitle "playchess.com"]
[Source "ChessBase"]
[SourceQuality "1"]
[TimeControl "40/5400+30:1800+30"]

1. e4 c6 2. d4 d5 3. e5 c5 4. dxc5 e6 5. Be3 Nd7 6. Bb5 Ne7 7. c3 Nc6 8. Bxc6 bxc6 9. Nf3 Qc7 10. Qa4 Nxc5 11. Bxc5 Bxc5 12. O-O Rb8 13. b3 O-O 14. Nd4 Rb6 15. f4 Ra6 0-1

[Event "Srdja Dragasevic Memorial-A 2024"]
[Site "Cetinje"]
[Date "2024.06.23"]
[Round "1.18"]
[White "Vujosevic, Vladimir"]
[Black "Bilenkiy, Maksym"]
[Result "1-0"]
[ECO "B12"]
[WhiteElo "2306"]
[BlackElo "1978"]
[Annotator "RC"]
[PlyCount "85"]
[EventDate "2024.06.23"]
[EventType "swiss"]
[EventCountry "MNE"]
[SourceTitle "playchess.com"]
[Source "ChessBase"]
[SourceQuality "1"]
[TimeControl "40/5400+30:1800+30"]

1. e4 c6 2. d4 d5 3. e5 Bf5 4. c3 e6 5. Be3 Qb6 6. Qb3 Nd7 7. Nd2 Ne7 8. f4 Rc8 9. Ngf3 h6 10. Be2 c5 11. dxc5 Nxc5 12. Qxb6 axb6 13. Bb5+ Nc6 14. b4 Nd7 15. O-O Be7 16. a3 Na7 17. Bxd7+ Kxd7 18. Bxb6 Nb5 19. Nd4 Nxc3 20. Nxf5 exf5 21. Nb3 Rc4 22. g3 Na4 23. Bd4 Rhc8 24. Rf2 g6 25. Rd2 Rc2 26. Rad1 Rxd2 27. Rxd2 Rc4 28. Kf2 b6 29. Ke3 Rc8 30. Kd3 h5 31. h4 Rc4 32. Rd1 Bd8 33. Ba1 Rc8 34. Nd4 Be7 35. Kd2 Rc4 36. Rc1 Bf8 37. Rc2 Be7 38. Kd3 Rxc2 39. Kxc2 f6 40. e6+ Ke8 41. Kb3 b5 42. Nxb5 Nb6 43. Bd4 1-0